 Dungeon Crawl Stone Soup version 0.28.0-1-gb440e238dd (webtiles) character file.

Game seed: 8647067255249751813

270 issech the Cudgeller (level 6, -4/54 HPs)
             Began as a Troll Monk on Feb 23, 2022.
             Killed from afar by Sigmund (12 damage)
             ... with a puff of flame
             ... on level 4 of the Dungeon.
             The game lasted 00:09:42 (3004 turns).

issech the Cudgeller (Troll Monk)                   Turns: 3004, Time: 00:09:43

Health: -4/54      AC:  4    Str: 20    XL:     6   Next: 1%
Magic:  5/5        EV: 11    Int:  6    God:
Gold:   204        SH:  0    Dex: 14    Spells: 5/5 levels left

rFire   . . .      SeeInvis .   n - +0 flail
rCold   . . .      Faith    .   (no shield)
rNeg    . . .      Spirit   .   b - +0 robe
rPois   .          Reflect  .   (helmet restricted)
rElec   .          Harm     .   (no cloak)
rCorr   .          Rampage  .   (gloves unavailable)
Will    .....                   (boots unavailable)
Stlth   ++........              (no amulet)
HPRegen 0.98/turn               (no ring)
MPRegen 0.09/turn               (no ring)

@: no status effects
A: large, unfitting armour, claws 3, regeneration 1, shaggy fur 1, tough skin 1,
frail 1
a: no special abilities


You were on level 4 of the Dungeon.
You visited 1 branch of the dungeon, and saw 4 of its levels.

You collected 204 gold pieces.

Inventory:

Hand Weapons
 a - a +0 mace
 f - a +0 hunting sling
 n - a +0 flail (weapon)
 p - a +0 dagger of distortion
Missiles
 e - 111 stones (quivered)
 h - 64 bolts
 j - 12 poisoned darts
Armour
 b - a +0 robe (worn)
 l - a +0 animal skin
Scrolls
 c - 2 scrolls of identify
 i - 2 scrolls of teleportation
 q - a scroll of amnesia
Potions
 d - 2 potions of haste {unknown}
 g - a potion of might {unknown}
 k - 4 potions of curing {unknown}
 m - a potion of lignification {unknown}
 o - a potion of heal wounds {unknown}


   Skills:
 + Level 3.3 Fighting
 + Level 4.5 Maces & Flails
 + Level 3.5 Dodging
 + Level 1.3 Stealth


You had 5 spell levels left.
You didn't know any spells.
Your spell library was empty.

Dungeon Overview and Level Annotations

Branches:
Dungeon (4/15)
 Temple: D:4-7

Altars:
Zin
The Shining One

Annotations:
D:4 Sigmund


Innate Abilities, Weirdness & Mutations

You are too large for most types of armour.
You have claws for hands.
Your natural rate of healing is unusually fast.
You are covered in fur. (AC +1)
You have tough skin. (AC +1)
You are frail. (-10% HP)


Message History

You feel stronger.
You see here an iguana corpse.
Found an escape hatch in the ceiling.
There is an escape hatch in the ceiling here.
Found a stone staircase leading down.
Found 2 throwing nets.
Sigmund the Dreaded comes into view.
He is wielding a +0 scythe.
Sigmund shouts!
Sigmund gestures wildly while chanting.
Sigmund flickers and vanishes!
Deactivating autopickup; reactivate with Ctrl-A.
Something hits you.
You sock something!
You hear some strange, mumbled words.
Something tries to affect you, but you resist.
You barely miss something. Something hits you.
You closely miss something.
You hear some strange, mumbled words.
A puff of flame appears from out of thin air!
The puff of flame hits you.
You closely miss something.
You hear some strange, mumbled words.
Something tries to affect you, but you resist.
You miss something. Something hits you.
You closely miss something. Something barely misses you.
You closely miss something. Something hits you!
You closely miss something. You miss something. Something hits you.
You miss something. Something hits you.
You closely miss something. Something hits you but does no damage.
You sock something! Your claw misses something. You miss something.
Something hits you!
You barely miss something. Your claw misses something. Something hits you!
* * * LOW HITPOINT WARNING * * *
You hit something. Something hits you but does no damage. Something hits you!
* * * LOW HITPOINT WARNING * * *
A puff of flame appears from out of thin air!
The puff of flame hits you!
You die...

....#### #(.....# #......#
############# #......#
#...........# ###......###
#.#########.# .........+.#
#.# #.# ##..$...#.###.# #.#
#.........@...#########.###
#.#.#..{#.#................
#>..#.#############.###
#.....#.# #.#.. ###...#.#
#.#.# ....+.# #.#.#
##...### #.#.# #...# #.#.#
#...# #.#..


There were no monsters in sight!

Vanquished Creatures
  A black bear (D:4)
  An iguana (D:4)
  Robin (D:3)
  4 adders
  2 river rats (D:3)
  2 worms
  A dart slug (D:3)
  2 orcs (D:3)
  6 bats
  3 endoplasms
  4 giant cockroaches
  13 goblins
  11 hobgoblins
  6 quokkas
  5 ball pythons
  2 frilled lizards (D:3)
  6 kobolds
  4 rats
74 creatures vanquished.

Notes
Turn   | Place    | Note
-------+----------+-------------------------------------------
     0 | D:1      | issech the Troll Monk began the quest for the Orb.
     0 | D:1      | Reached XP level 1. HP: 22/22 MP: 0/0
   142 | D:1      | Found a faded altar of an unknown god.
   187 | D:1      | Reached XP level 2. HP: 29/29 MP: 1/1
   478 | D:1      | Reached skill level 3 in Maces & Flails
  1453 | D:2      | Reached XP level 3. HP: 30/36 MP: 2/2
  1832 | D:3      | Noticed Robin
  1957 | D:3      | Killed Robin
  1958 | D:3      | Reached XP level 4. HP: 36/44 MP: 3/3
  2272 | D:3      | Found a glowing golden altar of the Shining One.
  2272 | D:3      | Found a glowing silver altar of Zin.
  2524 | D:3      | Found a glowing drain.
  2610 | D:3      | Reached XP level 5. HP: 32/53 MP: 4/4
  2758 | D:4      | Noticed a black bear
  2777 | D:4      | Killed a black bear
  2778 | D:4      | Reached skill level 4 in Maces & Flails
  2830 | D:4      | Gained mutation: You are frail. (-10% HP) [mutagenic glow]
  2931 | D:4      | Reached XP level 6. HP: 54/54 MP: 5/5
  2981 | D:4      | Noticed Sigmund
  3004 | D:4      | Killed from afar by Sigmund

Illustrated notes

Levels and vault maps discovered:
D:1:      minmay_arrival_up_and_down, layout_loops_ring,
          shapermc_ecumenical_altar_mp_ritualfount, minmay_liquid_box
D:2:      layout_basic, amcnicky_mini_pool_small
D:3:      minmay_spotlight, layout_rooms, jmf_multi_god_temple,
          portal_sewer_entry_b, serial_corexii_hall, corexii_hall_statues_s,
          corexii_hall_statues_s, item_on_display_a, uniq_robin
D:4:      layout_basic, ebering_ghost_disaster_area, uniq_sigmund

Skill      XL: |  1  2  3  4  5 |
---------------+----------------+-----
Maces & Flails | 3 4 |  4.5
Dodging        | 3 |  3.5
Fighting       | 3 |  3.3
Stealth        | |  1.3

Action                   |  1- 3 |  4- 6 || total
-------------------------+-------+-------++-------
Melee: Mace              |   134 |   119 ||   253
       Flail             |       |    23 ||    23
       Dagger            |       |     6 ||     6
       Punch             |       |     1 ||     1
  Use: Scroll            |     1 |     1 ||     2
 Stab: Sleeping          |     4 |     1 ||     5
Armor: Robe              |    83 |    37 ||   120
Dodge: Dodged            |   112 |    90 ||   202
